 Dungeon Crawl Stone Soup version 0.19.0-23-gf02e663 (webtiles) character file.

165 Nimsei the Chopper (level 5, 0/39 HPs)
             Began as a Demonspawn Gladiator on Nov 20, 2016.
             Was an Initiate of Makhleb.
             Slain by an ogre
             ... wielding a +0 giant club
              (12 damage)
             ... on level 4 of the Dungeon.
             The game lasted 00:09:29 (1710 turns).

Nimsei the Chopper (Demonspawn Gladiator)           Turns: 1710, Time: 00:09:29

Health: 0/39       AC: 10    Str: 16    XL:     5   Next: 21%
Magic:  5/5        EV: 11    Int:  9    God:    Makhleb [......]
Gold:   89         SH:  3    Dex: 14    Spells: 0 memorised, 4 levels left

rFire  . . .     SeeInvis .     a - +0 war axe
rCold  . . .     Gourm    .     n - +4 ring mail
rNeg   + . .     Faith    .     e - +0 buckler
rPois  .         Spirit   .     c - +0 helmet
rElec  .         Reflect  .     (no cloak)
rCorr  .         Harm     .     (no gloves)
MR     .....                    (no boots)
Stlth  +.........               (no amulet)
                                (no ring)
                                m - ring of positive energy

@: no status effects
A: powered by death 1
a: Renounce Religion


You were on level 4 of the Dungeon.
You worshipped Makhleb.
Makhleb was noncommittal.
You were not hungry.

You visited 1 branch of the dungeon, and saw 4 of its levels.

You collected 89 gold pieces.

Inventory:

Hand Weapons
 a - a +0 war axe (weapon)
Missiles
 d - 3 throwing nets (quivered)
Armour
 c - a +0 helmet (worn)
 e - a +0 buckler (worn)
 n - a +4 ring mail (worn)
Jewellery
 m - a ring of positive energy (left hand)
Scrolls
 i - 4 scrolls of fog {unknown}
Potions
 g - 2 potions of degeneration
 h - a potion of mutation {unknown}
 k - 4 potions of might {unknown}
Comestibles
 f - a bread ration
 j - 2 fruits


   Skills:
 + Level 2.4 Fighting
 + Level 4.0 Axes
 + Level 2.0 Throwing
 + Level 1.6 Armour
 + Level 3.4 Dodging
 + Level 0.5 Shields


You had 4 spell levels left.
You didn't know any spells.

Dungeon Overview and Level Annotations

Branches:
Dungeon (4/15)
 Temple: D:4-7

Altars:
Fedhas
Makhleb
Trog


Innate Abilities, Weirdness & Mutations

You regenerate a little health from kills.


Message History

A quokka skeleton comes into view.
You see here 11 gold pieces.
The ogre hits you with a giant club.
You see here 11 gold pieces.
You slash the ogre!
The ogre is heavily wounded.
The ogre hits you with a giant club!
You hit the ogre but do no damage.
The ogre is heavily wounded.
The ogre closely misses you.
You hit the ogre.
The ogre is severely wounded.
The ogre hits you but does no damage.
You closely miss the ogre.
The ogre is severely wounded.
The ogre hits you with a giant club.
You barely miss the ogre.
The ogre is severely wounded.
The ogre hits you with a giant club!
You die...

.#######.#..####..
.# #.#.....#.# ###
.# #.#.###.#.# ..
.# #.... #.#.## .#
. ###.# #....###.#
..# #....#...# ###
#.#.....#
#.####..##
#..@OZ...#
#####.#..# ......#
..O.....#
......Z####
.......# .......#
.......#


You could see an ogre and a quokka skeleton.

Vanquished Creatures
  An ogre (D:3)
  Ijyb (D:2)
  2 adders
  An adder skeleton (D:4)
  A leopard gecko (D:2)
  3 giant cockroaches
  A hobgoblin (D:2)
  7 jackals
  2 quokkas
  A bat (D:1)
  3 frilled lizards
  5 goblins
  5 kobolds
  5 rats
38 creatures vanquished.

Vanquished Creatures (others)
  A hobgoblin (D:3)
1 creature vanquished.

Grand Total: 39 creatures vanquished

Notes
Turn   | Place    | Note
-------+----------+-------------------------------------------
     0 | D:1      | Nimsei the Demonspawn Gladiator began the quest for the Orb.
     0 | D:1      | Reached XP level 1. HP: 16/16 MP: 1/1
   424 | D:2      | Found a bloodstained altar of Trog.
   447 | D:2      | Noticed Ijyb
   454 | D:2      | Gained mutation: You regenerate a little health from kills. [demonic ancestry]
   454 | D:2      | Reached XP level 2. HP: 15/22 MP: 2/2
   457 | D:2      | Killed Ijyb
   457 | D:2      | Reached skill level 3 in Axes
   457 | D:2      | Reached XP level 3. HP: 19/27 MP: 3/3
  1138 | D:3      | Found a blossoming altar of Fedhas.
  1146 | D:3      | Became a worshipper of Fedhas Madash
  1182 | D:3      | Reached XP level 4. HP: 25/33 MP: 4/4
  1336 | D:3      | Noticed an ogre
  1342 | D:3      | Killed an ogre
  1342 | D:3      | Reached skill level 4 in Axes
  1342 | D:3      | Reached skill level 1 in Armour
  1342 | D:3      | Reached XP level 5. HP: 24/39 MP: 5/5
  1367 | D:3      | Found a burning altar of Makhleb.
  1404 | D:3      | Fell from the grace of Fedhas
  1404 | D:3      | Became a worshipper of Makhleb the Destroyer
  1699 | D:4      | Noticed an ogre
  1710 | D:4      | Slain by an ogre

Skill      XL: |  1  2  3  4 |
---------------+-------------+-----
Axes           | 3 4 |  4.0
Throwing       | 2 |  2.0
Dodging        | 3 |  3.4
Armour         | 1 |  1.6
Fighting       | |  2.4
Shields        | |  0.5

Action                   |  1- 3 |  4- 6 || total
-------------------------+-------+-------++-------
Melee: War axe           |    99 |    31 ||   130
  Use: Scroll            |     2 |     2 ||     4
  Eat: Chunk             |     1 |     1 ||     2
       Fruit             |       |     1 ||     1
Armor: Leather armour    |    24 |       ||    24
       Ring mail         |    15 |    11 ||    26
Dodge: Dodged            |    65 |    19 ||    84
Block: Buckler           |    17 |     3 ||    20
